 Dungeon Crawl Stone Soup version 0.19.1 (webtiles) character file.

65 Malachi the Insei (level 3, 0/26 HPs)
             Began as a Demonspawn Transmuter on Dec 6, 2016.
             Slain by an adder (5 damage)
             ... on level 2 of the Dungeon.
             The game lasted 00:02:58 (1982 turns).

Malachi the Insei (Demonspawn Transmuter)           Turns: 1982, Time: 00:02:59

Health: 0/26       AC:  2    Str: 10    XL:     3   Next: 94%
Magic:  3/6        EV: 12    Int: 15    God:
Gold:   16         SH:  0    Dex: 13    Spells: 2 memorised, 4 levels left

rFire  + . .     SeeInvis .       - Unarmed
rCold  . . .     Gourm    .     b - +0 robe
rNeg   . . .     Faith    .     (no shield)
rPois  .         Spirit   .     (helmet restricted)
rElec  .         Reflect  .     (no cloak)
rCorr  .         Harm     .     (no gloves)
MR     .....                    (no boots)
Stlth  +.........               (no amulet)
                                (no ring)
                                o - ring of protection from fire

@: lethally poisoned (0 -> -3)
A: horns 1
a: no special abilities


You were on level 2 of the Dungeon.
You were very hungry.

You visited 1 branch of the dungeon, and saw 2 of its levels.

You collected 16 gold pieces.

Inventory:

Missiles
 a - 9 arrows
Armour
 b - a +0 robe (worn)
 k - a +0 pair of boots
Jewellery
 o - a ring of protection from fire (left hand)
 s - a cursed ring of teleportation {unknown}
 u - an uncursed ring of see invisible {unknown}
Scrolls
 e - a scroll of amnesia {unknown}
 f - a scroll of enchant weapon {unknown}
 g - a scroll of random uselessness {unknown}
 m - 3 scrolls of identify {unknown}
 p - a scroll of remove curse {unknown}
Potions
 i - a potion of cure mutation {unknown}
 j - a potion of flight {unknown}
 l - a potion of might {unknown}
 q - a potion of degeneration {unknown}
 r - a potion of heal wounds {unknown}
Books
 c - a book of Changes

   Spells                             Type                      Level
   a - Beastly Appendage              Transmutation                1
   b - Sticks to Snakes               Transmutation                2
   c - Spider Form                    Transmutation/Poison         3
   d - Ice Form                       Ice/Transmutation            4
   e - Blade Hands                    Transmutation                5
Comestibles
 d - a bread ration
 h - a fruit
 n - a slice of pizza
 t - a beef jerky


   Skills:
 + Level 1.2 Fighting
 + Level 2.1 Dodging
 + Level 3.4 Unarmed Combat
 + Level 2.5 Spellcasting
 + Level 2.2 Transmutations


You had 4 spell levels left.
You knew the following spells:

 Your Spells              Type           Power        Failure   Level  Hunger
a - Beastly Appendage     Tmut           #.....       12%         1    #......
b - Sticks to Snakes      Tmut           #.......     14%         2    ###....


Dungeon Overview and Level Annotations

Branches:
Dungeon (2/15)

Altars:

Annotations:
D:2 1 runed door


Innate Abilities, Weirdness & Mutations

You have a pair of small horns on your head.


Message History

You hit the adder. Your headbutt misses the adder.
The adder is almost dead.
The adder barely misses you.
You barely miss the adder.
The adder is almost dead.
The adder misses you. The adder bites you.
* * * LOW HITPOINT WARNING * * *
You miss the adder.
The adder is almost dead.
The adder bites you but does no damage.
You barely miss the adder.
The adder is almost dead.
The adder bites you.
* * * LOW HITPOINT WARNING * * *
You are poisoned.
The adder poisons you!
You miss the adder. Your headbutt misses the adder.
The adder is almost dead.
You feel sick. The adder bites you.
You die...

.# #.## ...
############ ..####
###........... ..... .
#...#..####..# ...#...
#..##.##..##.##.......
#..#..#....#@Sb....#
#..#....#..#.##...##
#####..##..##(##.#
#.##
...)....####..#..# .#
#######.........## #
###..###### #.......#
#..#.##.# #..#.##.#


You could see an adder and a bat.

Vanquished Creatures
  2 adders (D:2)
  An ooze (D:1)
  A dart slug (D:2)
  A leopard gecko (D:2)
  3 giant cockroaches
  6 goblins
  6 hobgoblins
  5 kobolds
  A quokka (D:2)
  4 bats
  4 frilled lizards
  7 rats
41 creatures vanquished.

Notes
Turn   | Place    | Note
-------+----------+-------------------------------------------
     0 | D:1      | Malachi the Demonspawn Transmuter began the quest for the Orb.
     0 | D:1      | Reached XP level 1. HP: 15/15 MP: 3/3
    61 | D:1      | Reached skill level 3 in Unarmed Combat
    87 | D:1      | Gained mutation: You have a pair of large horns on your head. [demonic ancestry]
    87 | D:1      | Reached XP level 2. HP: 3/21 MP: 3/5
  1094 | D:2      | Reached XP level 3. HP: 26/26 MP: 4/6
  1129 | D:2      | Learned a level 2 spell: Sticks to Snakes
  1850 | D:2      | Found a runed door.
  1982 | D:2      | Slain by an adder

Skill      XL: |  1  2 |
---------------+-------+-----
Unarmed Combat | 3 |  3.4
Dodging        | 2 |  2.1
Transmutations | 2 |  2.2
Fighting       | |  1.2
Spellcasting   | |  2.5

Action                   || total
-------------------------++-------
Melee: Unarmed           ||   163
       Headbutt          ||    16
       Punch             ||     2
       Kick              ||    22
 Cast: Beastly Appendage ||    22
       Sticks to Snakes  ||     3
 Stab: Distracted        ||     1
  Eat: Chunk             ||     3
Armor: Robe              ||    29
Dodge: Dodged            ||   114
